 Dungeon Crawl Stone Soup version 0.18.1-6-gd335043 (webtiles) character file.

18 Moloch the Skirmisher (level 2, -4/24 HPs)
             Began as a Demonspawn Fighter on May 17, 2016.
             Slain by a gnoll
             ... wielding a +0 halberd
              (14 damage)
             ... on level 1 of the Dungeon.
             The game lasted 00:00:56 (989 turns).

Moloch the Skirmisher (Demonspawn Fighter)           Turns: 989, Time: 00:00:57

Health: -4/24      AC:  7    Str: 16    XL:     2   Next: 51%
Magic:  2/2        EV:  6    Int:  9    God:
Gold:   72         SH:  8    Dex: 12    Spells: 0 memorised, 1 level left

rFire  + . .     SeeInvis .     a - +0 war axe
rCold  . . .     Gourm    .     b - +0 scale mail
rNeg   . . .     Faith    .     c - +0 shield
rPois  .         Spirit   .     (no helmet)
rElec  .         Dismiss  .     (no cloak)
rCorr  .         Reflect  .     (no gloves)
SustAt .         Harm     .     o - +0 pair of boots
MR     .....                    (no amulet)
Stlth  ..........               (no ring)
                                e - ring of loudness (curse)

@: not resistant to hostile enchantments, extremely unstealthy
A: fire resistance 1
a: no special abilities


You were on level 1 of the Dungeon.
You were not hungry.

You visited 1 branch of the dungeon, and saw 2 of its levels.

You collected 72 gold pieces.

Inventory:

Hand Weapons
 a - a +0 war axe (weapon)
Armour
 b - a +0 scale mail (worn)
 c - a +0 shield (worn)
 o - a +0 pair of boots (worn)
Jewellery
 e - a cursed ring of loudness (left hand)
 q - an uncursed ring of resist corrosion {unknown}
Scrolls
 i - a scroll of fear {unknown}
 j - a scroll of amnesia {unknown}
 k - 2 scrolls of identify {unknown}
 p - a scroll of teleportation {unknown}
 r - a scroll of remove curse {unknown}
Potions
 d - a potion of might
 g - a potion of flight {unknown}
 h - a potion of berserk rage {unknown}
 m - a potion of agility {unknown}
 n - 2 potions of resistance {unknown}
Comestibles
 f - a bread ration
 l - 3 beef jerkies


   Skills:
 - Level 3.0 Fighting
 + Level 2.9 Axes
 - Level 2.6 Armour
 - Level 2.6 Shields


You had one spell level left.
You didn't know any spells.

Dungeon Overview and Level Annotations

Branches:
Dungeon (2/15)

Altars:


Innate Abilities, Weirdness & Mutations

Your flesh is heat resistant.


Message History

The gnoll barely misses you. The gnoll hits you with a halberd.
You hit the gnoll but do no damage. The gnoll closely misses you.
You hit the gnoll.
The gnoll is lightly wounded.
You block the gnoll's attack.
You hit the gnoll but do no damage.
The gnoll is lightly wounded.
The gnoll hits you but does no damage.
Your shield and scale mail prevent you from hitting the gnoll.
The gnoll is lightly wounded.
The gnoll barely misses you.
You hit the gnoll.
The gnoll is moderately wounded.
You block the gnoll's attack. The gnoll hits you with a halberd!
Ouch! That really hurt!
You closely miss the gnoll.
The gnoll is moderately wounded.
The gnoll hits you with a halberd!
Ouch! That really hurt!
You die...

#......#.#.......#.#.....
#.####.#.#.......#.#.....
#.# #.#.#.......#.#..... #.#
#.#.#.........#...##
####.####.#.#...............
#.........#.#.........#...##
#.##.######.#.#.##....#.....
#.#..............#....#.#...
#.#..##...g@................
#.#..##.###.................
#.#..##.###.....####..#.####
#.#..##.........# #..#.....
#.#..##.........# #..#....#
#.#..##.....#.#.# #..#....#
#.#.............# #..#....#
#.#.........#.######..#....#
#.#.#######...........+.....


You could see a gnoll.

Vanquished Creatures
  A worm (D:1)
  2 bats (D:1)
  2 giant cockroaches (D:1)
  3 goblins (D:1)
  A hobgoblin (D:1)
  3 giant newts (D:1)
  A kobold (D:1)
  4 rats (D:1)
17 creatures vanquished.

Notes
Turn   | Place    | Note
--------------------------------------------------------------
     0 | D:1      | Moloch the Demonspawn Fighter began the quest for the Orb.
     0 | D:1      | Reached XP level 1. HP: 18/18 MP: 1/1
   310 | D:1      | Gained mutation: Your flesh is heat resistant. [demonic ancestry]
   310 | D:1      | Reached XP level 2. HP: 24/24 MP: 2/2
   989 | D:1      | Slain by a gnoll

Skill      XL: |  1 |
---------------+----+-----
Axes           | 2 |  2.9
Fighting       | |  3.0
Armour         | |  2.6
Shields        | |  2.6

Action                   || total
-------------------------++-------
Melee: War axe           ||    58
Armor: Scale mail        ||    39
Dodge: Dodged            ||    19
Block: Shield            ||    25
